 Dungeon Crawl Stone Soup version 0.27.1-33-g824d729ab1 (webtiles) character file.

Game seed: 10134486151860220218

1561 hilljack the Geomancer (level 8, 0/41 HPs)
             Began as a Gargoyle Earth Elementalist on Nov 28, 2021.
             Was a Priest of Qazlal.
             Slain by a gnoll sergeant (9 damage)
             ... on level 6 of the Dungeon.
             The game lasted 00:13:40 (6332 turns).

hilljack the Geomancer (GrEE)                       Turns: 6332, Time: 00:13:40

Health: 0/41       AC: 11    Str: 12    XL:     8   Next: 89%
Magic:  8/14       EV: 11    Int: 18    God:    Qazlal [***...]
Gold:   2074       SH:  4    Dex: 10    Spells: 6/16 levels left

rFire    + . .     SeeInvis .   b - staff of earth
rCold    . . .     Faith    .   (no shield)
rNeg     + . .     Spirit   .   j - +0 robe
rPois    ∞         Reflect  .   n - +0 helmet
rElec    +         Harm     .   (no cloak)
rCorr    +         Rampage  .   e - +1 pair of gloves
Will     .....                  i - +0 pair of boots
Stlth    +.........             (no amulet)
HPRegen  0.13/turn              h - ring of Kareeb {Wiz Fly rF+}
MPRegen  0.14/turn              m - ring of resist corrosion

@: about to teleport, flying
A: sickness immunity, AC +5, negative energy resistance 1, electricity
resistance, torment resistance 1, petrification resistance
a: Renounce Religion, Upheaval, Elemental Force


You were on level 6 of the Dungeon.
You worshipped Qazlal.
Qazlal was most pleased with you.
You visited 1 branch of the dungeon, and saw 6 of its levels.

You collected 2130 gold pieces.
You spent 56 gold pieces at shops.

Inventory:

Hand Weapons
 a - a +3 dagger of speed
Missiles
 c - 142 stones
 s - a throwing net
Armour
 e - a +1 pair of gloves (worn)
 i - a +0 pair of boots (worn)
 j - a +0 robe (worn)
 n - a +0 helmet (worn)
Magical Staves
 b - a staff of earth (weapon)
Jewellery
 h - the ring of Kareeb (left hand) {Wiz Fly rF+}
   (You acquired it on level 4 of the Dungeon)

   [ring of wizardry]

   It improves your spell success rate.
   rF:        It protects you from fire.
   Fly:       It grants you flight.
 m - a ring of resist corrosion (right hand)
 r - a ring of flight
Wands
 d - a wand of flame (9)
 k - a wand of digging (5)
 p - a wand of iceblast (8)
Scrolls
 g - 2 scrolls of immolation
 q - a scroll of identify
Potions
 f - 2 potions of curing
 o - a potion of might


   Skills:
 - Level 1.5 Dodging
 - Level 2.1 Stealth
 + Level 4.6 Spellcasting
 + Level 3.7 Conjurations
 - Level 0.7 Transmutations
 * Level 8.8 Earth Magic
 + Level 4.6 Invocations
 + Level 3.5 Evocations


You had 6 spell levels left.
You knew the following spells:

 Your Spells              Type           Power      Damage    Failure   Level
a - Sandblast             Erth           100%       2d20      1%          1
b - Passwall              Tmut/Erth      26%        N/A       1%          2
c - Stone Arrow           Conj/Erth      80%        3d12      1%          3
d - Petrify               Tmut/Erth      32%        N/A       8%          4

Your spell library contained the following spells:

 Spells                   Type           Power      Damage    Failure   Level
 Corpse Rot               Necr/Air       N/A        N/A       9%          2
 Poisonous Vapours        Pois/Air       8%         N/A       9%          2
 Slow                     Hex            4%         N/A       9%          2
 Confusing Touch          Hex            4%         N/A       16%         3
 Vampiric Draining        Necr           2%         2d6       16%         3
 Freezing Cloud           Conj/Ice/Air   4%         6-21      65%         5


Dungeon Overview and Level Annotations

Branches:
Dungeon (6/15)
 Temple: D:4-7

Altars:
Ashenzari
Nemelex Xobeh
Qazlal
Vehumet
Zin

Shops:
D:6 *


Innate Abilities, Weirdness & Mutations

You are immune to sickness and miasma.
Your stone body is resilient. (AC +5)
You are immune to poison.
You resist negative energy. (rN+)
You are resistant to electric shocks. (rElec)
You are resistant to unholy torment.
You are immune to petrification.


Message History

You feel a surge of power!
The blast of sand hits the iguana!!
You kill the iguana!
Qazlal accepts your kill.
Casting: Sandblast (safe; 1% risk of failure)
Confirm with . or Enter, or press ? or * to list all spells.
Aiming: Sandblast (safe; 1% risk of failure)
Press: ? - help, Shift-Dir - straight line, f - gnoll sergeant
Aim: a gnoll sergeant, wielding a +3 spear of flaming and wearing a +0 scale mail (88% to hit)
You feel a surge of power!
The blast of sand hits the gnoll sergeant but does no damage.
The gnoll sergeant hits you from afar with a +3 spear of flaming.
The gnoll sergeant burns you.
Casting: Sandblast (safe; 1% risk of failure)
Confirm with . or Enter, or press ? or * to list all spells.
Aiming: Sandblast (safe; 1% risk of failure)
Press: ? - help, Shift-Dir - straight line, f/p - gnoll sergeant
Aim: a gnoll sergeant, wielding a +3 spear of flaming and wearing a +0 scale mail (88% to hit)
You feel a surge of power!
The blast of sand misses the gnoll sergeant.
The gnoll sergeant hits you from afar with a +3 spear of flaming!
The gnoll sergeant burns you.
You hear a shout!
You hear an angry hiss.
Casting: Sandblast (safe; 1% risk of failure)
Confirm with . or Enter, or press ? or * to list all spells.
Aiming: Sandblast (safe; 1% risk of failure)
Press: ? - help, Shift-Dir - straight line, f/p - gnoll sergeant
Aim: a gnoll sergeant, wielding a +3 spear of flaming and wearing a +0 scale mail (88% to hit)
You feel a surge of power!
The blast of sand hits the gnoll sergeant but does no damage.
You hear a shout!
The gnoll sergeant hits you from afar with a +3 spear of flaming!
* * * LOW HITPOINT WARNING * * *
The gnoll sergeant burns you.
* * * LOW HITPOINT WARNING * * *
Okay, then.
As you read the scroll of teleportation, it crumbles to dust.
You feel strangely unstable.
You hear a shout!
The gnoll sergeant hits you from afar with a +3 spear of flaming!
You die...

### ..# #
#..###.####.##
#.#.#......g..
#.......)..gg. #..
#...##g####.## #<#
#...##g# #.#
##.###g# #.# #.# #.#
#.# #)# #@# #.# #)#
#.# ##.## #)# #..
##...## #.######
##.#.#.###)>.#
#.##.....###.#######
##.###........)>...#
##.#..#.###.#####.#
##.#.#.# #.#


You could see a gnoll sergeant and 2 gnolls.

Vanquished Creatures
  Sigmund (D:4)
  Menkaure (D:4)
  A sky beast (D:5)
  2 ogres
  A phantom (D:4)
  Blork the orc (D:4)
  3 howler monkeys
  A crimson imp (D:5)
  A bullfrog zombie (D:5)
  A centaur skeleton (D:4)
  A gnoll shaman (D:6)
  3 orc priests (D:3)
  4 hounds
  2 iguanas
  2 orc wizards (D:3)
  Natasha (thrice) (D:4)
  A howler monkey zombie (D:5)
  A howler monkey skeleton (D:6)
  14 gnolls
  An adder (D:5)
  A white imp (D:5)
  2 worms
  A dart slug (D:3)
  13 orcs
  4 bats
  5 endoplasms
  2 giant cockroaches
  8 goblins
  5 hobgoblins
  3 jackals (D:4)
  4 kobolds
  4 quokkas
  2 ball pythons
  6 frilled lizards
  4 rats
109 creatures vanquished.

Notes
Turn   | Place    | Note
-------+----------+-------------------------------------------
     0 | D:1      | hilljack the Gargoyle Earth Elementalist began the quest
                  | for the Orb.
     0 | D:1      | Reached XP level 1. HP: 10/10 MP: 3/3
    19 | D:1      | Found a faded altar of an unknown god.
    78 | D:1      | Became a worshipper of Qazlal Stormbringer
    78 | D:1      | Reached * piety under Qazlal
   228 | D:1      | Reached skill level 4 in Earth Magic
   230 | D:1      | Reached XP level 2. HP: 15/15 MP: 5/5
  1482 | D:2      | Reached XP level 3. HP: 19/19 MP: 3/6
  2144 | D:3      | Learned a level 2 spell: Passwall
  2148 | D:3      | Learned a level 3 spell: Stone Arrow
  2236 | D:3      | Reached skill level 5 in Earth Magic
  2236 | D:3      | Reached skill level 1 in Invocations
  2236 | D:3      | Reached XP level 4. HP: 24/24 MP: 4/7
  2578 | D:3      | Reached ** piety under Qazlal
  2680 | D:3      | Reached skill level 1 in Evocations
  2680 | D:3      | Reached XP level 5. HP: 20/28 MP: 3/9
  3318 | D:3      | Reached skill level 6 in Earth Magic
  3318 | D:3      | Reached XP level 6. HP: 32/32 MP: 4/10
  3741 | D:4      | Identified 2 scrolls of acquirement
  3741 | D:4      | Acquired 1040 gold pieces
  3751 | D:4      | Noticed Natasha
  3759 | D:4      | Killed Natasha
  3822 | D:4      | Noticed Menkaure
  3828 | D:4      | Killed Menkaure
  3829 | D:4      | Reached skill level 1 in Conjurations
  3851 | D:4      | Reached XP level 7. HP: 31/36 MP: 6/12
  3924 | D:4      | Acquired the ring of Kareeb {Wiz Fly rF+}
  3987 | D:4      | Acquired 850 gold pieces
  4010 | D:4      | Found a sparkling altar of Nemelex Xobeh.
  4019 | D:4      | Noticed Sigmund
  4021 | D:4      | Killed Sigmund
  4021 | D:4      | Reached *** piety under Qazlal
  4022 | D:4      | Reached skill level 7 in Earth Magic
  4024 | D:4      | Noticed Natasha
  4064 | D:4      | Killed Natasha
  4115 | D:4      | Learned a level 4 spell: Petrify
  4123 | D:4      | Noticed Blork the orc
  4128 | D:4      | Killed Blork the orc
  4159 | D:4      | Noticed Natasha
  4169 | D:4      | Killed Natasha
  4339 | D:4      | Reached XP level 8. HP: 41/41 MP: 9/13
  4942 | D:5      | Entered Level 5 of the Dungeon
  5229 | D:5      | Reached skill level 8 in Earth Magic
  5721 | D:5      | Found a radiant altar of Vehumet.
  5724 | D:5      | Found a broken altar of Ashenzari.
  5726 | D:5      | Found a glowing silver altar of Zin.
  6017 | D:6      | Found Riugaip's General Store.
  6167 | D:6      | Bought a potion of might for 56 gold pieces
  6332 | D:6      | Slain by a gnoll sergeant

Illustrated notes

Levels and vault maps discovered:
D:1:      tarquinn_simple_flora_water_b, layout_basic,
          shapermc_ecumenical_altar_notcrosses
D:2:      layout_basic
D:3:      layout_basic, chequers_jeans, chequers_serial_rivers_micro_a
D:4:      layout_gridville, lemuel_doored_altar, uniq_natasha,
          uniq_blork_the_orc, uniq_sigmund, uniq_menkaure
D:5:      layout_rooms, grunt_temple_overflow_open, minmay_fire_ice_demons
D:6:      layout_loops_ring, tso_oasis_becter, general_overflow_altar,
          serial_shops, nicolae_square_shop, kennysheep_pointless_box,
          minmay_misc_feat_chi

Skill      XL: |  1  2  3  4  5  6  7  8 |
---------------+-------------------------+-----
Earth Magic    | 4 5 6 7 8 |  8.8
Invocations    | 1 2 3 4 |  4.6
Evocations     | 1 2 3 |  3.5
Spellcasting   | 3 4 |  4.6
Conjurations   | 1 2 3 |  3.7
Dodging        | |  1.5
Stealth        | |  2.1
Transmutations | |  0.7

Action                   |  1- 3 |  4- 6 |  7- 9 || total
-------------------------+-------+-------+-------++-------
Melee: Dagger            |    78 |       |     3 ||    81
       Unarmed           |     5 |       |       ||     5
       Staff             |     1 |    11 |    24 ||    36
 Cast: Sandblast         |    24 |    51 |    27 ||   102
       Stone Arrow       |       |       |    41 ||    41
  Use: Scroll            |       |     5 |     8 ||    13
       Potion            |       |     2 |       ||     2
Armor: Robe              |    29 |     8 |    14 ||    51
       Skin              |       |     1 |       ||     1
Dodge: Dodged            |    56 |    15 |    18 ||    89
Block: Other             |     5 |     1 |     9 ||    15
